 Dungeon Crawl Stone Soup version 0.28.0 (webtiles) character file.

Game seed: 4710163366454368363

1262 Dirian the Cleaver (level 8, -1/54 (71) HPs)
             Began as a Hill Orc Fighter on Feb 15, 2022.
             Was a Follower of Zin.
             Slain by Duvessa (5 damage)
             ... on level 5 of the Dungeon.
             The game lasted 00:05:29 (4818 turns).

Dirian the Cleaver (Hill Orc Fighter)               Turns: 4818, Time: 00:05:29

HP:   -1/54 (71)    AC:  8    Str: 19    XL:     8   Next: 52%
MP:   8/8           EV:  9    Int:  8    God:    Zin [*.....]
Gold: 224           SH:  6    Dex: 12    Spells: 7/7 levels left

rFire   + . .      SeeInvis .   a - +0 war axe
rCold   . . .      Faith    .   c - +1 buckler
rNeg    . . .      Spirit   .   b - +0 scale mail
rPois   +          Reflect  .   (no helmet)
rElec   .          Harm     .   i - +0 cloak
rCorr   .          Rampage  .   (no gloves)
Will    .....                   (no boots)
Stlth   ..........              (no amulet)
HPRegen 0.18/turn               f - ring of protection from fire
MPRegen 0.11/turn               d - ring of poison resistance

@: heavily drained
A: no striking features
a: Renounce Religion, Recite, Donate Gold


You were on level 5 of the Dungeon.
You worshipped Zin.
Zin was aware of your devotion.
You visited 2 branches of the dungeon, and saw 6 of its levels.

You collected 248 gold pieces.
You donated 24 gold pieces to Zin.

Inventory:

Hand Weapons
 a - a +0 war axe (weapon)
Armour
 b - a +0 scale mail (worn)
 c - a +1 buckler (worn)
 i - a +0 cloak (worn)
 l - a +0 plate armour
Jewellery
 d - a ring of poison resistance (right hand)
 f - a ring of protection from fire (left hand)
Scrolls
 e - 5 scrolls of fog
 m - a scroll of enchant weapon {unknown}
Potions
 g - 2 potions of degeneration {unknown}
 h - a potion of ambrosia {unknown}
 j - a potion of mutation {unknown}
 k - a potion of lignification {unknown}
 n - a potion of heal wounds {unknown}
 o - a potion of flight {unknown}


   Skills:
 + Level 6.4 Fighting
 * Level 8.7 Axes
 + Level 5.8 Armour
 + Level 5.9 Shields


You had 7 spell levels left.
You didn't know any spells.
Your spell library contained the following spells:

 Spells                   Type           Power      Damage    Failure   Level
 Apportation              Tloc           0%         N/A       83%         1
 Gell's Gravitas          Tloc           0%         N/A       99%         3
 Lesser Beckoning         Tloc           0%         N/A       99%         3
 Teleport Other           Tloc           0%         N/A       99%         3
 Alistair's Intoxication  Tmut/Pois      0%         N/A       100%        5


Dungeon Overview and Level Annotations

Branches:
Dungeon (5/15)             Temple (1/1) D:5

Altars:
Ashenzari
Cheibriados
Dithmenos
Elyvilon
Gozag
Hepliaklqana
Kikubaaqudgha
Makhleb
Nemelex Xobeh
Okawaru
Qazlal
Ru
Sif Muna
Trog
Uskayaw
Vehumet
Wu Jian
Xom
Yredelemnul
Zin
The Shining One

Annotations:
D:5 Duvessa


Message History

You feel drained.
You slash Duvessa!
Duvessa is heavily wounded.
Duvessa hits you with a +2 short sword of draining!
You feel drained. You block Duvessa's attack.
You hit Duvessa.
Duvessa is heavily wounded.
Duvessa hits you with a +2 short sword of draining!
You feel drained. You block Duvessa's attack.
You hit Duvessa but do no damage.
Duvessa is heavily wounded.
Duvessa completely misses you.
You hit Duvessa.
Duvessa is severely wounded.
You block Duvessa's attack.
Duvessa hits you with a +2 short sword of draining!
You feel drained.
You hit Duvessa but do no damage.
Duvessa is severely wounded.
You block Duvessa's attack.
You hit Duvessa but do no damage.
Duvessa is severely wounded.
Duvessa hits you with a +2 short sword of draining!
* * * LOW HITPOINT WARNING * * *
You feel drained.
* * * LOW HITPOINT WARNING * * *
Duvessa hits you with a +2 short sword of draining!
Zin protects you from harm!
You feel drained.
* * * LOW HITPOINT WARNING * * *
You hit Duvessa.
Duvessa is severely wounded.
Duvessa closely misses you. x2
You feel better. Duvessa barely misses you.
You barely miss Duvessa.
Duvessa is severely wounded.
Duvessa hits you with a +2 short sword of draining!
* * * LOW HITPOINT WARNING * * *
You feel drained.
You die...

#### #.. #e#
#@#
#.############
#............#
############.#
#.# #.#
########.#
#........#####
#.######......


You could see Duvessa (berserk, fast).

Vanquished Creatures
  Pikel (D:4)
  Menkaure (D:4)
  A water moccasin (D:5)
  2 black bears
  A scorpion (D:4)
  Dowan (D:5)
  4 hounds
  Crazy Yiuf (D:4)
  2 iguanas (D:5)
  An orc wizard (D:3)
  3 adders
  An ufetubus (D:3)
  An adder skeleton (D:4)
  2 worms (D:2)
  2 dart slugs
  2 orcs
  5 ball pythons
  2 endoplasms
  3 giant cockroaches
  4 goblins
  5 hobgoblins
  6 jackals
  7 kobolds
  A quokka (D:2)
  6 bats
  3 frilled lizards
  A rat (D:1)
69 creatures vanquished.

Vanquished Creatures (others)
  4 fungi (D:4)
4 creatures vanquished.

Grand Total: 73 creatures vanquished

Notes
Turn   | Place    | Note
-------+----------+-------------------------------------------
     0 | D:1      | Dirian the Hill Orc Fighter began the quest for the Orb.
     0 | D:1      | Reached XP level 1. HP: 19/19 MP: 1/1
    67 | D:1      | Reached skill level 3 in Axes
   176 | D:1      | Reached XP level 2. HP: 24/27 MP: 2/2
   705 | D:2      | Reached XP level 3. HP: 25/33 MP: 3/3
   783 | D:2      | Reached skill level 4 in Axes
   783 | D:2      | Reached XP level 4. HP: 40/40 MP: 4/4
  1954 | D:3      | Reached XP level 5. HP: 47/47 MP: 5/5
  2182 | D:4      | Noticed Pikel
  2182 | D:4      | Noticed a lemure
  2182 | D:4      | Noticed a black bear
  2183 | D:4      | Noticed a lemure
  2542 | D:4      | Reached skill level 5 in Axes
  2588 | D:4      | Reached XP level 6. HP: 36/53 MP: 6/6
  2799 | D:4      | Killed Pikel
  2800 | D:4      | Reached skill level 5 in Fighting
  2800 | D:4      | Reached skill level 7 in Axes
  2800 | D:4      | Reached skill level 5 in Armour
  2800 | D:4      | Reached skill level 5 in Shields
  2800 | D:4      | Reached XP level 7. HP: 26/61 MP: 7/7
  3108 | D:4      | Noticed Menkaure
  3116 | D:4      | Killed Menkaure
  3136 | D:4      | Reached XP level 8. HP: 7/70 MP: 8/8
  3534 | D:4      | Found a runed translucent door.
  3535 | D:4      | Noticed Crazy Yiuf
  3667 | D:4      | Killed Crazy Yiuf
  3959 | D:5      | Entered Level 5 of the Dungeon
  3970 | D:5      | Found a staircase to the Ecumenical Temple.
  3977 | D:5      | Reached skill level 8 in Axes
  3994 | Temple   | Entered the Ecumenical Temple
  4410 | Temple   | Became a worshipper of Zin the Law-Giver
  4410 | Temple   | Reached * piety under Zin
  4789 | D:5      | Noticed Dowan
  4804 | D:5      | Noticed Duvessa
  4805 | D:5      | Killed Dowan
  4815 | D:5      | Zin protects you from harm!
  4818 | D:5      | Slain by Duvessa

Illustrated notes

Levels and vault maps discovered:
D:1:      zelgadis_glass_arrival_small, layout_rooms
D:2:      layout_rooms
D:3:      layout_loops_cross, glass_columns_b, hex_medium
D:4:      layout_rooms, uniq_crazy_yiuf_cottage, uniq_pikel, uniq_menkaure
D:5:      layout_basic, minmay_temple_entry_ruins,
          hangedman_decor_clover_reticule, uniq_duvessa
Temple:   mainiacjoe_temple_archimedes_tessellation

Skill      XL: |  1  2  3  4  5  6  7  8 |
---------------+-------------------------+-----
Axes           | 3 4 5 7 8 |  8.7
Fighting       | 4 5 6 |  6.4
Shields        | 4 5 |  5.9
Armour         | 4 5 |  5.8

Action                   |  1- 3 |  4- 6 |  7- 9 || total
-------------------------+-------+-------+-------++-------
Melee: War axe           |    36 |   131 |    84 ||   251
  Use: Scroll            |       |     6 |     1 ||     7
       Potion            |       |       |     2 ||     2
Armor: Scale mail        |    17 |    68 |    23 ||   108
Dodge: Dodged            |    21 |    76 |    30 ||   127
Block: Buckler           |    14 |    43 |    27 ||    84
